 Dungeon Crawl Stone Soup version 0.29.1-15-g9cfb28693d (webtiles) character file.

Game seed: 10010468274486109503

3 hawla the Chiller (level 1, -5/14 HPs)
             Began as a Meteoran Ice Elementalist on Apr 13, 2023.
             Slain by a necrophage (6 damage)
             ... on level 4 of the Dungeon.
             The game lasted 00:01:16 (161 turns).

hawla the Chiller (Meteoran Ice Elementalist)        Turns: 161, Time: 00:01:17

Health: -5/14      AC:  2    Str:  7 (9)  XL:     1   Next: 71%
Magic:  5/5        EV: 12    Int: 14 (16) God:
Gold:   28         SH:  0    Dex: 12 (14) Spells: 4/5 levels left

rFire   . . .      SeeInvis .   (no weapon)
rCold   . . .      Faith    .   (no shield)
rNeg    . . .      Spirit   .   a - +0 robe
rPois   .          Reflect  .   (no helmet)
rElec   .          Harm     .   (no cloak)
rCorr   .          Rampage  .   (no gloves)
Will    .....                   (no boots)
Stlth   +.........              (no amulet)
HPRegen 0.04/turn               (no ring)
MPRegen 0.09/turn               (no ring)

@: weak-willed, glowing
A: sense surroundings 1, otherworldly, glowing, explore regen
a: no special abilities


You were on level 4 of the Dungeon.
You visited 1 branch of the dungeon, and saw 3 of its levels.

You collected 28 gold pieces.

Inventory:

Armour
 a - a +0 robe (worn)
Potions
 b - a potion of magic
 c - a potion of haste {unknown}
 f - a potion of degeneration


   Skills:
 + Level 2.4 Dodging
 - Level 1.4 Stealth
 + Level 2.7 Spellcasting
 + Level 4.5 Ice Magic


You had 4 spell levels left.
You knew the following spells:

 Your Spells              Type           Power      Damage    Failure   Level
a - Freeze                Ice            56%        1d7       3%          1

Your spell library contained the following spells:

 Spells                   Type           Power      Damage    Failure   Level
 Frozen Ramparts          Ice            28%        1d5       11%         3
 Ozocubu's Armour         Ice            14%        N/A       11%         3
 Hailstorm                Conj/Ice       8%         3d4       65%         4


Dungeon Overview and Level Annotations

Branches:
Dungeon (4/15) Zot: 1638
 Temple: D:4-7

Altars:


Innate Abilities, Weirdness & Mutations

You passively map a small area around you.
You are easily found by Zot.
You glow in the dark.
You regain HP and MP as you explore.


Message History

Unknown command.
Found a scale mail and 7 stones.
You now have 28 gold pieces (gained 9).
Found a club.
You see here a scarf of harm.
You open the door.
A phantom and a necrophage come into view.
Found a stone staircase leading down.
You close the door.
A phantom opens the door.
Found 2 silvery potions.
An ufetubus comes into view.
Found a potion of magic and a flail.
As you read the scroll labelled HOLITHR FEXZU, it crumbles to dust.
Magic quickly surges around you.
It was a scroll of vulnerability.
As you read the scroll labelled PAMOSI GESUAC, it crumbles to dust.
You hear a loud clanging noise!
It was a scroll of noise.
You hear a shout! x3; You hear an angry hiss.
You hear a shout! x4
The ufetubus hits you but does no damage.
The ufetubus hits you.
Casting: Freeze (safe; 3% risk of failure)
Confirm with . or Enter, or press ? or * to list all spells.
You don't know that spell.
As you read the scroll labelled VOSCHIKUOMN, it crumbles to dust.
It is a scroll of enchant weapon.
You aren't carrying any weapons that can be enchanted.
The ufetubus hits you. x2; The necrophage closely misses you.
The necrophage attacks as you move away!
The necrophage closely misses you. The ufetubus hits you.
* * * LOW HITPOINT WARNING * * *
The ufetubus barely misses you. x2; The ufetubus completely misses you.
You see here 2 silvery potions.
It was a potion of degeneration.
There was something very wrong with that liquid.
You feel weakened.
You feel dopey.
You feel clumsy. The ufetubus barely misses you. The ufetubus hits you.
* * * LOW HITPOINT WARNING * * *
The necrophage hits you.
You die...

'##### , , *
...(.#####*** #####
...[.....# #..)#
.........# #!..#
.....W...#### #...#
.........+..# #...# , .
*
#####....##.###...###...
,,
#...........W..5.......
,
##.##....###.##n@.##...
* * .#.##....# #......#
, ,
.#.##....#*###+####*,
.#.####### , .#.# * , **
, .#.# , , * * * * .#.#
** , .#.# ,,, ,, )#.# ,
*


You could see a necrophage (weak-willed), a phantom (weak-willed) and an
ufetubus (weak-willed).

Vanquished Creatures
  A hobgoblin (D:4)
  A quokka (D:4)
  A rat (D:2)
3 creatures vanquished.

Notes
Turn   | Place    | Note
-------+----------+-------------------------------------------
     0 | D:1      | hawla the Meteoran Ice Elementalist began the quest for the
                  | Orb.
     0 | D:1      | Reached XP level 1. HP: 14/14 MP: 5/5
    64 | D:2      | You fall into a shaft and drop 2 floors!
   140 | D:4      | Noticed a phantom
   140 | D:4      | Noticed a necrophage
   161 | D:4      | Slain by a necrophage

Illustrated notes

Levels and vault maps discovered:
D:1:      pf_arrival_petrified_forest, layout_basic,
          ebering_ecumenical_altar_abandoned, hex_large
D:2:      layout_loops_cross
D:4:      layout_basic, xom_butterflies, uniq_pikel, uniq_natasha,
          uniq_crazy_yiuf_cottage, uniq_blork_the_orc

Action                   || total
-------------------------++-------
 Cast: Freeze            ||     6
  Use: Scroll            ||     3
       Potion            ||     1
Armor: Robe              ||     2
Dodge: Dodged            ||     9
